 Dungeon Sprint DCSS version 0.17-a0-1648-g0a089d4 (webtiles) character file.

10200000 Kidiri the Axe Maniac (level 27, -64/273 HPs)
             Began as a Centaur Warper on Aug 12, 2015.
             Was the Champion of Makhleb.
             Killed from afar by a wretched soul (142 damage)
             ... with a bolt of negative energy
             ... in the Dungeon (Sprint VIII: "Arena of Blood").
             The game lasted 00:04:24 (102 turns).

Kidiri the Axe Maniac (Centaur Warper)               Turns: 102, Time: 00:04:26

Health: -64/273    AC:  7    Str: 15    XL:     27
Magic:  34/54      EV: 32    Int: 12    God:    Makhleb [******]
Gold:   0          SH:  0    Dex: 21    Spells: 1 memorised, 79 levels left

rFire  . . .     SeeInvis +     l - +∞ Axe of Woe
rCold  . . .     Clarity  .     b - +0 leather armour
rNeg   . . .     SustAt   .     (no shield)
rPois  .         Gourm    .     (no helmet)
rElec  .         Spirit   .     (no cloak)
rCorr  .         Warding  .     (no gloves)
rMut   .         NoTele   +     (no barding)
MR     ++...                    (no amulet)
Stlth  ++++++....               (no ring)
                                m - ring of see invisible

@: drained, very quick, very resistant to hostile enchantments, very stealthy
A: hooves 3, deformed body, speed 2, tough skin 3
a: Minor Destruction, Lesser Servant of Makhleb, Major Destruction, Greater
Servant of Makhleb, Renounce Religion


You were in the Dungeon.
You worshipped Makhleb.
Makhleb was exalted by your worship.
You were not hungry.

You visited 1 branch

Inventory:

Hand weapons
 a - a +0 hand axe
 l - the +∞ Axe of Woe (weapon)
   (You found it in the Dungeon)
Missiles
 e - 5 tomahawks of dispersal (quivered)
Armour
 b - a +0 leather armour (worn)
Jewellery
 m - a ring of see invisible (left hand)
Scrolls
 d - 2 scrolls of blinking
Potions
 g - a potion of curing
 i - a potion of haste
 j - 2 potions of magic
 k - a potion of berserk rage
Books
 c - a book of Spatial Translocations

   Spells                             Type                      Level
   a - Apportation                    Translocation                1
   b - Blink                          Translocation                2
   c - Shroud of Golubria             Charms/Translocation         2
   d - Portal Projectile              Translocation                3
   e - Teleport Other                 Translocation                3
   f - Passage of Golubria            Translocation                4
Comestibles
 f - a bread ration


   Skills:
 O Level 27(25.5) Fighting
 O Level 27(25.5) Axes
 O Level 27(25.5) Throwing
 O Level 27(25.5) Armour
 O Level 27(25.5) Dodging
 O Level 27(25.5) Stealth
 O Level 27(25.5) Unarmed Combat
 O Level 27(25.5) Spellcasting
 O Level 27(25.5) Translocations
 O Level 27(25.5) Invocations


You had 79 spell levels left.
You knew the following spells:

 Your Spells              Type           Power        Failure   Level  Hunger
a - Apportation           Tloc           ######....   0%          1    None


Dungeon Overview and Level Annotations

Branches:
Dungeon (1/1)

Altars:
Makhleb


Innate Abilities, Weirdness & Mutations

You have hooves in place of feet.
Armour fits poorly on your strangely shaped body.
You cover ground very quickly.
You have extremely tough skin (AC +3).


Message History

You feel better.
You hear a shout!
The eight-headed meat hydra calls on the powers of darkness!
The eight-headed meat hydra convulses!
The bag of meat convulses!
The bag of meat convulses! x2
Your body is wracked with pain!
* * * LOW HITPOINT WARNING * * *
The bag of meat convulses!
The large bag of meat convulses!
You hear a shout! x2
The bag of meat is engulfed in roaring flames.
The wretched soul is engulfed in roaring flames.
The large bag of meat is engulfed in roaring flames.
You hear a shout!
You hear a shout! x8
The large bag of meat is engulfed in roaring flames.
You hear a shout!
The wretched soul breathes negative energy at you.
The bolt of negative energy hits you!
You feel drained.
Ouch! That really hurt!
You die...

#################
####....)).)..X....#
####%....).).))).X.....
###..oW§).).)##.##X#####.
...DooC§@)...............
....oo####.....##X##.....
..... ..........x..D...
...o ..........#.#.....
... .............§.... .#
.#.........).§.....
.......)§§.....
.......)§)§....
.......))).....


You could see an eight-headed meat hydra, a large bag of meat (inner flame), a
wretched soul (invisible) and 5 bags of meat.

Vanquished Creatures
  3 hell beasts (D)
  11 vampire knights (D)
  17 ogres (D)
  2 liches (D)
  A hydra (D)
  54 orcs (D)
  3 phantoms (D)
  2 hill giants (D)
  5 skeletal warriors (D)
  3 large abominations (D)
  A small abomination (D)
  5 crawling corpses (D)
107 creatures vanquished.

Notes
Turn   | Place    | Note
--------------------------------------------------------------
     0 | D        | Kidiri the Centaur Warper began the quest for the Orb.
     0 | D        | Reached XP level 1. HP: 17/17 MP: 3/3
     3 | D        | Noticed a bag of meat
     4 | D        | Noticed a bag of meat
     4 | D        | Became a worshipper of Makhleb the Destroyer
     5 | D        | Noticed a bag of meat
     5 | D        | Noticed a bag of meat
     6 | D        | Noticed a bag of meat
     6 | D        | Noticed a meat berserker
     7 | D        | Noticed a meat berserker
     8 | D        | Noticed a bag of meat
     8 | D        | Killed a bag of meat
     8 | D        | Reached skill level 13 in Fighting
     8 | D        | Reached skill level 16 in Axes
     8 | D        | Reached XP level 2. HP: 20/44 MP: 4/4
     8 | D        | Reached XP level 3. HP: 22/50 MP: 5/5
     8 | D        | Reached XP level 4. HP: 25/58 MP: 6/6
     8 | D        | Reached XP level 5. HP: 27/64 MP: 7/7
     8 | D        | Reached XP level 6. HP: 30/72 MP: 8/8
     8 | D        | Reached XP level 7. HP: 32/79 MP: 9/9
     8 | D        | Reached XP level 8. HP: 34/86 MP: 10/10
     8 | D        | Reached XP level 9. HP: 36/93 MP: 11/11
     8 | D        | Reached XP level 10. HP: 39/101 MP: 12/12
     8 | D        | Reached XP level 11. HP: 41/107 MP: 13/13
     9 | D        | Noticed a bag of meat
     9 | D        | Noticed a meat berserker
     9 | D        | Killed a bag of meat
     9 | D        | Acquired Makhleb's first power
     9 | D        | Reached skill level 15 in Fighting
     9 | D        | Reached skill level 18 in Axes
     9 | D        | Reached XP level 12. HP: 31/121 MP: 14/14
    10 | D        | Noticed a bag of meat
    11 | D        | Noticed a meat berserker
    11 | D        | Noticed a bag of meat
    11 | D        | Noticed a bag of meat
    11 | D        | Noticed a bag of meat
    12 | D        | Noticed a bag of meat
    12 | D        | Noticed a bag of meat
    12 | D        | Noticed a bag of meat
    12 | D        | Noticed a meat berserker
    13 | D        | Noticed a bag of meat
    13 | D        | Noticed a large bag of meat
    13 | D        | Noticed a bag of meat
    13 | D        | Noticed a bag of meat
    13 | D        | Noticed a bag of meat
    13 | D        | Noticed a bag of meat
    13 | D        | Noticed a meat berserker
    13 | D        | Noticed a bag of meat
    13 | D        | Noticed a bag of meat
    13 | D        | Noticed a bag of meat
    13 | D        | HP: 3/121 [meat berserker/+9 battleaxe (29)]
    14 | D        | Noticed a bag of meat
    14 | D        | Noticed a bag of meat
    14 | D        | Noticed a meat berserker
    14 | D        | Killed a meat berserker
    14 | D        | Reached skill level 21 in Axes
    14 | D        | Reached skill level 10 in Invocations
    14 | D        | Reached XP level 13. HP: 3/132 MP: 14/20
    14 | D        | Reached XP level 14. HP: 3/140 MP: 14/21
    14 | D        | Killed a meat berserker
    14 | D        | Acquired Makhleb's second power
    14 | D        | Reached skill level 23 in Axes
    14 | D        | Reached XP level 15. HP: 3/150 MP: 14/25
    15 | D        | Noticed a bag of meat
    15 | D        | Noticed a bag of meat
    15 | D        | Noticed a bag of meat
    15 | D        | Noticed a bag of meat
    15 | D        | Noticed a bag of meat
    15 | D        | Killed a bag of meat
    15 | D        | Killed a bag of meat
    15 | D        | Acquired Makhleb's third power
    15 | D        | Reached skill level 24 in Axes
    15 | D        | Reached skill level 15 in Invocations
    15 | D        | Killed a bag of meat
    15 | D        | Reached skill level 25 in Axes
    15 | D        | Reached XP level 16. HP: 47/165 MP: 14/28
    15 | D        | Killed a meat berserker
    15 | D        | Reached skill level 26 in Axes
    15 | D        | Killed a meat berserker
    15 | D        | Acquired Makhleb's fourth power
    15 | D        | Reached skill level 27 in Axes
    15 | D        | Reached XP level 17. HP: 175/180 MP: 14/31
    15 | D        | Killed a bag of meat
    16 | D        | Noticed a bag of meat
    16 | D        | Killed a meat berserker
    16 | D        | Acquired Makhleb's fifth power
    16 | D        | Reached skill level 27 in Dodging
    16 | D        | Reached XP level 18. HP: 189/194 MP: 14/33
    16 | D        | Noticed a bag of meat
    17 | D        | Noticed a bag of meat
    17 | D        | Noticed a meat berserker
    17 | D        | Noticed a bag of meat
    17 | D        | Killed a bag of meat
    18 | D        | Noticed a bag of meat
    18 | D        | Killed a meat berserker
    18 | D        | Reached skill level 27 in Fighting
    18 | D        | Reached skill level 27 in Invocations
    18 | D        | Reached skill level 5 in Armour
    18 | D        | Reached skill level 5 in Stealth
    18 | D        | Reached skill level 5 in Spellcasting
    18 | D        | Killed a bag of meat
    18 | D        | Reached XP level 19. HP: 207/207 MP: 14/36
    18 | D        | Killed a meat berserker
    18 | D        | Reached skill level 15 in Throwing
    18 | D        | Reached skill level 10 in Spellcasting
    19 | D        | Killed a bag of meat
    19 | D        | Reached skill level 10 in Armour
    19 | D        | Reached skill level 10 in Stealth
    19 | D        | Killed a bag of meat
    19 | D        | Killed a bag of meat
    19 | D        | Reached skill level 15 in Unarmed Combat
    20 | D        | Killed a bag of meat
    20 | D        | Reached skill level 15 in Translocations
    20 | D        | Reached XP level 20. HP: 216/216 MP: 15/37
    20 | D        | Killed a bag of meat
    21 | D        | Noticed a bag of meat
    21 | D        | Noticed a bag of meat
    21 | D        | Killed a bag of meat
    21 | D        | Killed a bag of meat
    21 | D        | Reached skill level 15 in Armour
    21 | D        | Reached skill level 15 in Stealth
    21 | D        | Reached skill level 15 in Spellcasting
    21 | D        | Killed a bag of meat
    21 | D        | Killed a bag of meat
    21 | D        | Reached XP level 21. HP: 224/224 MP: 15/41
    21 | D        | Killed a meat berserker
    21 | D        | Killed a bag of meat
    21 | D        | Killed a bag of meat
    21 | D        | Reached skill level 27 in Throwing
    22 | D        | Noticed a bag of meat
    22 | D        | Noticed a destroyer
    22 | D        | Killed a bag of meat
    22 | D        | Killed a bag of meat
    22 | D        | Killed a large bag of meat
    22 | D        | Reached XP level 22. HP: 233/233 MP: 15/45
    23 | D        | Killed a bag of meat
    23 | D        | Killed a bag of meat
    23 | D        | Killed a bag of meat
    24 | D        | Noticed a meat berserker
    24 | D        | Killed a bag of meat
    24 | D        | Killed a bag of meat
    24 | D        | Killed a bag of meat
    25 | D        | Killed a bag of meat
    25 | D        | Reached skill level 27 in Unarmed Combat
    25 | D        | Killed a bag of meat
    25 | D        | Reached XP level 23. HP: 240/240 MP: 16/49
    25 | D        | Killed a bag of meat
    26 | D        | Noticed a destroyer
    26 | D        | Killed a bag of meat
    26 | D        | Reached skill level 27 in Translocations
    26 | D        | Killed a bag of meat
    27 | D        | Killed a bag of meat
    27 | D        | Killed a bag of meat
    28 | D        | Noticed a destroyer
    30 | D        | Killed a bag of meat
    30 | D        | Killed a meat berserker
    30 | D        | Reached XP level 24. HP: 249/249 MP: 17/53
    30 | D        | Killed a bag of meat
    30 | D        | Reached skill level 27 in Armour
    30 | D        | Reached skill level 27 in Stealth
    30 | D        | Reached skill level 27 in Spellcasting
    31 | D        | Noticed an eight-headed meat hydra
    31 | D        | Killed a bag of meat
    32 | D        | Noticed a destroyer
    32 | D        | Killed a destroyer
    33 | D        | Noticed a large bag of meat
    34 | D        | Killed a destroyer
    37 | D        | Noticed a bag of meat
    37 | D        | Noticed a destroyer
    43 | D        | Noticed a meat berserker
    43 | D        | Noticed a destroyer
    43 | D        | Killed a bag of meat
    43 | D        | Reached XP level 25. HP: 165/257 MP: 20/54
    44 | D        | Noticed a sculptor of flesh
    45 | D        | Killed a destroyer
    46 | D        | Noticed a bag of meat
    46 | D        | Noticed a tyrant
    46 | D        | Noticed a destroyer
    46 | D        | Noticed a bag of meat
    47 | D        | Killed a destroyer
    47 | D        | Killed a destroyer
    47 | D        | Reached XP level 26. HP: 266/266 MP: 21/54
    48 | D        | Noticed a sculptor of flesh
    48 | D        | Killed a meat berserker
    49 | D        | Killed a destroyer
    49 | D        | Killed a destroyer
    50 | D        | Killed a sculptor of flesh
    51 | D        | Noticed a sculptor of flesh
    53 | D        | Killed a bag of meat
    53 | D        | Killed a bag of meat
    53 | D        | Reached XP level 27. HP: 273/273 MP: 22/54
    55 | D        | Noticed a tyrant
    56 | D        | Noticed a destroyer
    56 | D        | Noticed a bag of meat
    57 | D        | Killed a sculptor of flesh
    59 | D        | Killed a destroyer
    60 | D        | Noticed a meat berserker
    61 | D        | Killed a sculptor of flesh
    62 | D        | Killed a tyrant
    64 | D        | Noticed a sculptor of flesh
    64 | D        | Noticed a sculptor of flesh
    65 | D        | Killed a bag of meat
    66 | D        | Killed a meat berserker
    67 | D        | Noticed a meat berserker
    70 | D        | Noticed a bag of meat
    71 | D        | Noticed a bag of meat
    71 | D        | Noticed a meat berserker
    71 | D        | Killed a sculptor of flesh
    71 | D        | Killed a meat berserker
    72 | D        | Noticed a bag of meat
    72 | D        | Noticed a meat berserker
    72 | D        | Killed a tyrant
    73 | D        | Noticed a bag of meat
    73 | D        | Noticed a meat berserker
    73 | D        | Killed a sculptor of flesh
    74 | D        | Noticed a meat berserker
    74 | D        | Noticed a bag of meat
    74 | D        | Noticed a destroyer
    75 | D        | Noticed a large bag of meat
    75 | D        | Noticed a bag of meat
    75 | D        | Noticed a large bag of meat
    75 | D        | Noticed a bag of meat
    75 | D        | Noticed a bag of meat
    75 | D        | Noticed a bag of meat
    75 | D        | Noticed a meat berserker
    75 | D        | Noticed a bag of meat
    76 | D        | Noticed a wretched soul
    76 | D        | Killed a meat berserker
    76 | D        | Noticed a bag of meat
    77 | D        | Noticed a bag of meat
    77 | D        | Killed a meat berserker
    78 | D        | Killed a meat berserker
    79 | D        | Noticed a destroyer
    79 | D        | Noticed a bag of meat
    79 | D        | Noticed a bag of meat
    79 | D        | Killed a destroyer
    79 | D        | Noticed a meat beast
    80 | D        | Noticed a bag of meat
    80 | D        | Killed a meat berserker
    80 | D        | Killed a wretched soul
    81 | D        | Noticed a sculptor of flesh
    81 | D        | Noticed a bag of meat
    81 | D        | Killed a meat beast
    82 | D        | Killed a bag of meat
    83 | D        | Noticed a bag of meat
    83 | D        | Noticed a meat beast
    83 | D        | Killed a destroyer
    84 | D        | Noticed a destroyer
    84 | D        | Noticed a bag of meat
    84 | D        | Killed a meat berserker
    84 | D        | Killed a bag of meat
    85 | D        | Noticed a bag of meat
    85 | D        | Noticed a wretched soul
    85 | D        | Noticed a wretched soul
    85 | D        | Killed a bag of meat
    86 | D        | Noticed a bag of meat
    87 | D        | Noticed a bag of meat
    87 | D        | Noticed a wretched soul
    87 | D        | Noticed a meat beast
    87 | D        | Killed a bag of meat
    87 | D        | Killed a meat beast
    88 | D        | Noticed a meat berserker
    88 | D        | Killed a large bag of meat
    88 | D        | Killed a destroyer
    89 | D        | Killed a wretched soul
    89 | D        | Killed a bag of meat
    90 | D        | Killed a bag of meat
    91 | D        | Killed a bag of meat
    92 | D        | Killed a bag of meat
    93 | D        | Killed a bag of meat
    93 | D        | Killed a bag of meat
    94 | D        | Noticed a bag of meat
    94 | D        | Killed a bag of meat
    95 | D        | Killed a meat beast
    96 | D        | Killed a bag of meat
    98 | D        | Killed a wretched soul
   101 | D        | Killed a bag of meat
   102 | D        | Killed from afar by a wretched soul

Vault maps used:
D:        meatsprint

Action                   |  1- 3 |  4- 6 |  7- 9 | 10-12 | 13-15 | 16-18 | 19-21 | 22-24 | 25-27 || total
-------------------------+-------+-------+-------+-------+-------+-------+-------+-------+-------++-------
Melee: Executioner's axe |     1 |       |       |     2 |     1 |     3 |     4 |    10 |    43 ||    64
  Use: Potion            |       |       |       |       |       |       |       |       |     1 ||     1
